[Event "XII Sabadell Open 2019"]
[Site "Sabadell"]
[Date "2019.09.06"]
[Round "5.12"]
[White "Fernandez Aguilar, Francisco"]
[Black "Bedoya Rosales, Luis"]
[Result "1/2-1/2"]
[ECO "A49"]
[WhiteElo "2040"]
[BlackElo "1918"]
[Annotator "NA RC"]
[PlyCount "71"]
[EventDate "2019.09.01"]
[EventCountry "ESP"]
[SourceTitle "playchess.com"]
[Source "ChessBase"]
[SourceQuality "1"]
[TimeControl "5400+30"]

1. Nf3 Nf6 2. g3 g6 3. Bg2 Bg7 4. O-O O-O 5. d4 d6 6. a4 a5 7. Nc3 Na6 {[%emt 0:02:40] A49: 1 d4 Nf6 2 Nf3 g6 3 g3: Anti-King's Indian systems} (7... c6 8. e4 Qc7 9. Bf4 Nh5 10. Be3 Na6 11. Qd2 Nb4 12. Rfe1 Nf6 13. Rad1 Ng4 14. Bg5 h6 15. Bf4 e5 16. dxe5 dxe5 {1-0 (74) Ragger,M (2687)-Petrosian,T (2625) Minsk 2015}) 8. e4 c6 9. Qe2 Qc7 10. e5 $146 ({Predecessor:} 10. Nd1 e5 11. c3 exd4 12. Nxd4 Re8 13. Qc2 Nc5 14. f3 d5 15. Bf4 Qb6 {0-1 (36) Aramayo Tapia,J (2149)-Arotoma Pablo,D Arequipa 2003}) 10... dxe5 11. dxe5 Nd5 12. Nxd5 cxd5 13. Bf4 e6 14. Nd4 Qb6 15. Nb5 Bd7 16. Be3 Bxb5 17. axb5 Nc5 18. c4 d4 19. Bxd4 Rad8 20. Qe3 Bh6 21. f4 Rxd4 22. Qxd4 Rd8 23. Qc3 $16 a4 24. Kh1 Nd3 25. Qc2 Bf8 26. h3 h5 27. h4 Qe3 28. Rf3 Ne1 29. Qf2 Qxf2 30. Rxf2 Nd3 31. Rd2 Bb4 32. Re2 Nc5 33. Kh2 b6 34. Rf2 Rd4 35. Rff1 Rd2 36. Rab1 1/2-1/2

[Event "XII Sabadell Open 2019"]
[Site "Sabadell"]
[Date "2019.09.06"]
[Round "5.13"]
[White "Abreu Flores, Daniel"]
[Black "Borrellas Comellas, Josep"]
[Result "1/2-1/2"]
[ECO "C45"]
[WhiteElo "1905"]
[BlackElo "1943"]
[Annotator "NA"]
[PlyCount "51"]
[EventDate "2019.09.01"]
[EventCountry "ESP"]
[SourceTitle "playchess.com"]
[Source "ChessBase"]
[SourceQuality "1"]
[TimeControl "5400+30"]

1. e4 e5 2. Nf3 Nc6 3. d4 exd4 4. Nxd4 Nf6 5. Nxc6 dxc6 6. Qxd8+ Kxd8 7. f3 Be6 8. Be3 Nd7 9. Nd2 Bc5 10. Bxc5 Nxc5 11. Nb3 Nxb3 12. axb3 c5 13. Ra5 b6 14. Ra6 Bc8 15. Ra3 a5 16. Bc4 Ke7 17. Ke2 Be6 18. c3 Rad8 19. Raa1 f6 20. Bxe6 Kxe6 21. Rhd1 Rhe8 22. Rxd8 Rxd8 23. g3 f5 24. exf5+ Kxf5 25. Rd1 Re8+ 26. Kf2 1/2-1/2

[Event "XII Sabadell Open 2019"]
[Site "Sabadell"]
[Date "2019.09.06"]
[Round "5.14"]
[White "Alcon Davalos, Marc"]
[Black "Tortosa Moros, Joan"]
[Result "1-0"]
[ECO "B27"]
[WhiteElo "1459"]
[BlackElo "1647"]
[Annotator "NA"]
[PlyCount "101"]
[EventDate "2019.09.01"]
[EventCountry "ESP"]
[SourceTitle "playchess.com"]
[Source "ChessBase"]
[SourceQuality "1"]
[TimeControl "5400+30"]

1. e4 c5 2. Nf3 g6 3. Bc4 Bg7 4. Nc3 Nh6 5. d3 O-O 6. h3 Kh8 7. g4 Nc6 8. g5 Ng8 9. Be3 Nd4 10. Bxd4 cxd4 11. Ne2 Qa5+ 12. Qd2 Qxd2+ 13. Nxd2 Rb8 14. h4 b5 15. Bb3 a5 16. a4 h5 17. axb5 Rxb5 18. Nc4 d5 19. exd5 Rxd5 20. Rxa5 Rxa5 21. Nxa5 Bg4 22. Ng3 Ra8 23. f3 Rxa5 24. fxg4 Be5 25. Kf2 hxg4 26. Bxf7 Kg7 27. Bb3 Bf4 28. Re1 Be3+ 29. Kg2 e5 30. Nf1 Bf4 31. Nh2 g3 32. Nf1 Ne7 33. Nxg3 Bxg3 34. Kxg3 Nf5+ 35. Kg4 Ne3+ 36. Kf3 Ra8 37. Ke4 Re8 38. Ra1 Nf5 39. Ra7+ Kh8 40. Ra5 Nd6+ 41. Kd5 Nf5 42. Ra6 Nxh4 43. Re6 Rxe6 44. Kxe6 Nf3 45. Kf6 Kh7 46. Bf7 Kh8 47. Bxg6 Ne1 48. c3 Nf3 49. Be4 dxc3 50. bxc3 Nd2 51. g6 1-0

[Event "XII Sabadell Open 2019"]
[Site "Sabadell"]
[Date "2019.09.06"]
[Round "5.15"]
[White "Menendez Cabrera, Enric"]
[Black "Ribera Caro, Joan"]
[Result "1-0"]
[ECO "E23"]
[WhiteElo "1558"]
[BlackElo "1342"]
[Annotator "NA"]
[PlyCount "55"]
[EventDate "2019.09.01"]
[EventCountry "ESP"]
[SourceTitle "playchess.com"]
[Source "ChessBase"]
[SourceQuality "1"]
[TimeControl "5400+30"]

1. d4 Nf6 2. c4 e6 3. Nc3 Bb4 4. Qb3 c5 5. Bg5 Nc6 6. dxc5 Qa5 7. Bxf6 gxf6 8. e3 Qxc5 9. a3 Na5 10. Qxb4 Qc7 11. Nb5 Qb6 12. Nd6+ Kf8 13. Qxb6 axb6 14. b4 Nc6 15. b5 Ne5 16. Be2 Rg8 17. Nf3 Rxg2 18. Nxe5 fxe5 19. Bf3 Rg8 20. Ke2 Ke7 21. Rhd1 Ra4 22. h4 f5 23. e4 fxe4 24. Bxe4 Rg4 25. Nxc8+ Kd8 26. Nd6 Rxc4 27. Nxc4 Rxe4+ 28. Ne3 1-0

[Event "XII Sabadell Open 2019"]
[Site "Sabadell"]
[Date "2019.09.07"]
[Round "6.3"]
[White "Oliva Castaneda, Kevel"]
[Black "Lorenzo De La Riva, Lazaro"]
[Result "1-0"]
[ECO "E90"]
[WhiteElo "2470"]
[BlackElo "2392"]
[Annotator "ChessBase"]
[PlyCount "135"]
[EventDate "2019.09.01"]
[EventCountry "ESP"]
[SourceTitle "playchess.com"]
[Source "ChessBase"]
[SourceQuality "1"]
[TimeControl "5400+30"]

1. Nf3 Nf6 2. c4 g6 3. Nc3 Bg7 4. e4 d6 5. d4 O-O 6. h3 Na6 7. Be3 c6 8. Nd2 Nc7 9. Bd3 a6 10. a4 e5 11. d5 c5 12. a5 Nh5 13. g3 Rb8 14. Na4 Bd7 15. Nb6 Be8 16. Be2 Na8 17. Na4 Nf6 18. g4 Nd7 19. Nc3 Nc7 20. h4 b5 21. axb6 Rxb6 22. Qc2 Bf6 23. Nf3 Qb8 24. Rb1 Rb4 25. h5 Bg7 26. g5 a5 27. Bd2 Rb7 28. Nd1 Na6 29. Nc3 Nb4 30. Qd1 Nb6 31. Kf1 Bd7 32. Kg2 Qe8 33. Be3 f5 34. h6 Bh8 35. Ra1 a4 36. Bd2 Qe7 37. Rh4 Rbb8 38. Rc1 Rf7 39. Be3 Rbf8 40. Kh2 fxe4 41. Nxe4 Rf4 42. Bxf4 exf4 43. Nc3 Rf5 44. Rg4 Rf8 45. Rg1 Qf7 46. Bd3 Bc8 47. Bf1 Qd7 48. b3 a3 49. Qd2 Qd8 50. Ra1 a2 51. Re1 Nd7 52. Nxa2 Nxa2 53. Qxa2 Ne5 54. Bg2 Qd7 55. Nxe5 Bxe5 56. f3 Bd4 57. Qe2 Be3 58. Qd3 Qe7 59. Bh3 Bxg1+ 60. Rxg1 Bxh3 61. Kxh3 Ra8 62. Qc3 Ra2 63. Re1 Qd7+ 64. Re6 Ra8 65. Kh4 Rf8 66. Rxd6 Qa7 67. Re6 Qd7 68. Qe5 1-0

[Event "XII Sabadell Open 2019"]
[Site "Sabadell"]
[Date "2019.09.07"]
[Round "6.4"]
[White "Umetsubo, Cesar Hidemitsu"]
[Black "Ortega Serra, Marc"]
[Result "1/2-1/2"]
[ECO "C06"]
[WhiteElo "2403"]
[BlackElo "2297"]
[Annotator "ChessBase"]
[PlyCount "65"]
[EventDate "2019.09.01"]
[EventCountry "ESP"]
[SourceTitle "playchess.com"]
[Source "ChessBase"]
[SourceQuality "1"]
[TimeControl "5400+30"]

1. e4 e6 2. d4 d5 3. Nd2 Nf6 4. e5 Nfd7 5. Bd3 c5 6. c3 Nc6 7. Ne2 cxd4 8. cxd4 f6 9. exf6 Nxf6 10. Nf3 Bd6 11. O-O O-O 12. Bf4 Bxf4 13. Nxf4 Ne4 14. Qc1 Ng5 15. Nxg5 Qxg5 16. Bxh7+ Kxh7 17. Nxe6 Qxc1 18. Nxf8+ Kg8 19. Raxc1 Kxf8 20. Rfd1 Be6 21. f3 Ke7 22. g3 Rf8 23. Kg2 g5 24. Rd2 Kd6 25. Rh1 g4 26. Rf1 Rg8 27. fxg4 Rxg4 28. Rf4 Rxf4 29. gxf4 Ne7 30. Kf3 Nf5 31. Ke2 Bd7 32. Kd3 Nh4 33. Kc3 1/2-1/2

[Event "XII Sabadell Open 2019"]
[Site "Sabadell"]
[Date "2019.09.07"]
[Round "6.7"]
[White "Moskalenko, Viktor"]
[Black "Gomez Jurado, Luis Alberto"]
[Result "1-0"]
[ECO "D10"]
[WhiteElo "2475"]
[BlackElo "2307"]
[Annotator "ChessBase"]
[PlyCount "133"]
[EventDate "2019.09.01"]
[EventCountry "ESP"]
[SourceTitle "playchess.com"]
[Source "ChessBase"]
[SourceQuality "1"]
[TimeControl "5400+30"]

1. d4 d5 2. c4 c6 3. cxd5 cxd5 4. Bf4 Nc6 5. e3 Nf6 6. Nc3 a6 7. Rc1 e6 8. Bd3 Bd6 9. Nf3 Bxf4 10. exf4 Qd6 11. g3 Bd7 12. Qd2 O-O 13. O-O Rfc8 14. Rfd1 b5 15. Ne2 Rc7 16. Ne5 Rac8 17. f3 g6 18. Kf2 Ne8 19. a3 f6 20. Nxc6 Rxc6 21. Rxc6 Rxc6 22. Rc1 Qc7 23. Rxc6 Qxc6 24. Qa5 Nc7 25. Ke3 Kf7 26. Kd2 Ne8 27. Qd8 Qc7 28. Qxc7 Nxc7 29. Kc3 a5 30. Nc1 Na6 31. Nb3 a4 32. Nc5 Nxc5 33. dxc5 e5 34. Kb4 d4 35. Ka5 Bc6 36. Kb6 Bxf3 37. c6 e4 38. Bxb5 d3 39. h3 d2 40. c7 d1=Q 41. c8=Q Qd4+ 42. Ka5 Qa7+ 43. Kb4 Qe7+ 44. Kc3 e3 45. Qd7 Qxd7 46. Bxd7 Bd1 47. Kd3 Ke7 48. Bg4 Bb3 49. Kxe3 Kd6 50. Kd4 h6 51. Be2 g5 52. Bc4 Bd1 53. h4 gxf4 54. gxf4 Kc6 55. Bd3 Kd6 56. Ke4 Bg4 57. Bb5 f5+ 58. Kd4 Bd1 59. Bc4 Bf3 60. Bd3 Ke6 61. Bc2 Bc6 62. Kc5 Bd7 63. b4 axb3 64. Bxb3+ Kf6 65. a4 Kg6 66. a5 Bc8 67. Bd1 1-0

[Event "XII Sabadell Open 2019"]
[Site "Sabadell"]
[Date "2019.09.07"]
[Round "6.9"]
[White "Cifuentes, John Jairo"]
[Black "Valdes Romero, Leonardo"]
[Result "0-1"]
[ECO "B07"]
[WhiteElo "2141"]
[BlackElo "2399"]
[Annotator "ChessBase"]
[PlyCount "78"]
[EventDate "2019.09.01"]
[EventCountry "ESP"]
[SourceTitle "playchess.com"]
[Source "ChessBase"]
[SourceQuality "1"]
[TimeControl "5400+30"]

1. e4 d6 2. d4 Nf6 3. Nc3 g6 4. Be3 Bg7 5. f3 c6 6. Qd2 b5 7. a3 Nbd7 8. g4 Nb6 9. g5 Nfd7 10. h4 a5 11. h5 Rg8 12. hxg6 hxg6 13. Rh7 Nc4 14. Bxc4 bxc4 15. Qh2 Nf8 16. Rh4 Rb8 17. Rb1 Bd7 18. Nge2 Rb7 19. e5 Bf5 20. Ng3 Qb8 21. Nxf5 gxf5 22. exd6 Qxd6 23. Ne2 Ng6 24. Rh7 Qe6 25. Kf2 f4 26. Nxf4 Qf5 27. Nxg6 Qxc2+ 28. Kg3 Qxg6 29. Rd1 Rb3 30. Bf4 Qe4 31. Qh5 Kd7 32. Rf1 Qg6 33. Qg4+ e6 34. Rh2 Bxd4 35. Rd2 Rd3 36. Rc1 Rxd2 37. Bxd2 Qd3 38. Qf4 f6 39. Bc3 Rxg5+ 0-1

[Event "XII Sabadell Open 2019"]
[Site "Sabadell"]
[Date "2019.09.07"]
[Round "6.11"]
[White "Quesada Vera, Liordis"]
[Black "Campos Cayuelas, Adria"]
[Result "1-0"]
[ECO "E63"]
[WhiteElo "2389"]
[BlackElo "2196"]
[Annotator "ChessBase"]
[PlyCount "65"]
[EventDate "2019.09.01"]
[EventCountry "ESP"]
[SourceTitle "playchess.com"]
[Source "ChessBase"]
[SourceQuality "1"]
[TimeControl "5400+30"]

1. Nf3 Nf6 2. d4 g6 3. g3 Bg7 4. Bg2 O-O 5. O-O d6 6. c4 Nc6 7. Nc3 a6 8. b3 Rb8 9. Nd5 b5 10. Nxf6+ Bxf6 11. Bh6 Re8 12. Rc1 Bd7 13. Be3 bxc4 14. Rxc4 Nb4 15. Bd2 Nd5 16. Ba5 Rb5 17. Qd2 Qb8 18. Rfc1 Rc8 19. e4 Nb6 20. R4c2 Bg4 21. d5 Nd7 22. Ne1 Nc5 23. Rc4 Bd7 24. b4 Rxa5 25. bxa5 c6 26. dxc6 Bxc6 27. e5 Bxe5 28. Nd3 Nxd3 29. Qxd3 Bd7 30. Qb3 Rd8 31. Rb4 Qa7 32. Rb7 Qd4 33. Qb6 1-0

[Event "XII Sabadell Open 2019"]
[Site "Sabadell"]
[Date "2019.09.07"]
[Round "6.12"]
[White "Borrellas Comellas, Josep"]
[Black "Fernandez Aguilar, Francisco"]
[Result "1/2-1/2"]
[ECO "B70"]
[WhiteElo "1943"]
[BlackElo "2040"]
[Annotator "NA"]
[PlyCount "40"]
[EventDate "2019.09.01"]
[EventCountry "ESP"]
[SourceTitle "playchess.com"]
[Source "ChessBase"]
[SourceQuality "1"]
[TimeControl "5400+30"]

1. e4 c5 2. Nf3 d6 3. d4 cxd4 4. Nxd4 Nf6 5. Nc3 g6 6. g3 Bg7 7. Bg2 O-O 8. O-O Nc6 9. Nxc6 bxc6 10. e5 dxe5 11. Qxd8 Rxd8 12. Bxc6 Rb8 13. Rd1 Rd6 14. Rxd6 exd6 15. Nd5 Be6 16. c4 Kf8 17. b3 Rc8 18. Bb7 Rb8 19. Bc6 Rc8 20. Bb7 Rb8 1/2-1/2

[Event "XII Sabadell Open 2019"]
[Site "Sabadell"]
[Date "2019.09.07"]
[Round "6.13"]
[White "Prats Rodriguez, Juan Bosco"]
[Black "Abreu Flores, Daniel"]
[Result "1-0"]
[ECO "C00"]
[WhiteElo "1936"]
[BlackElo "1905"]
[Annotator "NA"]
[PlyCount "119"]
[EventDate "2019.09.01"]
[EventCountry "ESP"]
[SourceTitle "playchess.com"]
[Source "ChessBase"]
[SourceQuality "1"]
[TimeControl "5400+30"]

1. e4 e6 2. d3 d5 3. Qe2 Nf6 4. Nf3 b6 5. e5 Nfd7 6. g3 Ba6 7. Bg2 Nc6 8. O-O Bc5 9. c3 Be7 10. h4 h6 11. h5 O-O 12. Re1 f6 13. exf6 Rxf6 14. b4 e5 15. Qd1 Kh8 16. a4 Bb7 17. b5 Na5 18. Nxe5 Nxe5 19. Rxe5 Bd6 20. Re2 Bc8 21. Re1 Qf8 22. Be3 Be6 23. Bd4 Bc5 24. Bxf6 Qxf6 25. d4 Rf8 26. Ra2 Bd6 27. Qe2 Bf7 28. Qg4 Nc4 29. Rae2 Qg5 30. Qxg5 hxg5 31. Bf3 Ra8 32. Nd2 Nxd2 33. Rxd2 a6 34. bxa6 Rxa6 35. Ra1 Ra5 36. Rb2 Be8 37. Be2 g4 38. Bxg4 b5 39. Be2 c6 40. Rba2 b4 41. cxb4 Bxb4 42. Rb1 Bd6 43. Rb6 Kh7 44. Ra6 Bb4 45. Rxa5 Bxa5 46. Ra1 Kh6 47. Bf3 Kg5 48. Kf1 Bd7 49. Rc1 Bb4 50. Ke2 Kf6 51. Ke3 Ke7 52. g4 Kd6 53. Bd1 c5 54. dxc5+ Bxc5+ 55. Rxc5 Kxc5 56. f4 Bc8 57. f5 d4+ 58. Kf4 d3 59. g5 d2 60. h6 1-0

[Event "XII Sabadell Open 2019"]
[Site "Sabadell"]
[Date "2019.09.07"]
[Round "6.14"]
[White "Prada Villagrasa, Pau Manel"]
[Black "Menendez Cabrera, Enric"]
[Result "0-1"]
[ECO "A05"]
[WhiteElo "1475"]
[BlackElo "1558"]
[Annotator "NA"]
[PlyCount "138"]
[EventDate "2019.09.01"]
[EventCountry "ESP"]
[SourceTitle "playchess.com"]
[Source "ChessBase"]
[SourceQuality "1"]
[TimeControl "5400+30"]

1. Nf3 Nf6 2. b3 d6 3. Bb2 e5 4. e3 Nbd7 5. d4 e4 6. Nfd2 d5 7. c4 c6 8. Be2 a6 9. Qc2 Be7 10. O-O O-O 11. Re1 Re8 12. Nf1 Nf8 13. Nbd2 Ng6 14. Ng3 Bf8 15. Rac1 Bd7 16. cxd5 cxd5 17. Qc7 Qxc7 18. Rxc7 Bc6 19. Nb1 Bd6 20. Rxc6 bxc6 21. Rc1 Rec8 22. Nf5 Bf8 23. Ba3 Bxa3 24. Nxa3 Kf8 25. Nd6 Rc7 26. b4 Ne8 27. Nxe8 Kxe8 28. h3 Kd7 29. Bg4+ Kd6 30. Nc2 Ne7 31. a4 a5 32. Rb1 axb4 33. Rxb4 Rca7 34. Rb2 Rxa4 35. Rb7 R4a7 36. Rb6 f5 37. Bh5 g6 38. Bd1 Ra1 39. Nxa1 Rxa1 40. Kf1 Rxd1+ 41. Ke2 Ra1 42. Rb7 h5 43. Rb8 Ra2+ 44. Ke1 Ra5 45. Rf8 Ra7 46. Rf6+ Kd7 47. h4 Ra8 48. Kf1 Rg8 49. Ke2 Rg7 50. f3 Ke8 51. Kf2 Rf7 52. Rd6 Rg7 53. Kg3 g5 54. Kh2 Rg6 55. Rxg6 Nxg6 56. hxg5 Kd7 57. Kh3 Ke6 58. g4 hxg4+ 59. fxg4 f4 60. exf4 Nxf4+ 61. Kh4 e3 62. Kg3 e2 63. Kf2 Kf7 64. Ke1 Kg6 65. Kf2 Kxg5 66. Kf3 Kh4 67. Kf2 Kxg4 68. Ke1 Kf3 69. Kd2 Kf2 0-1

[Event "XII Sabadell Open 2019"]
[Site "Sabadell"]
[Date "2019.09.07"]
[Round "6.15"]
[White "Tortosa Moros, Joan"]
[Black "Fernandez Pintado, Xavier"]
[Result "1-0"]
[ECO "B52"]
[WhiteElo "1647"]
[BlackElo "1590"]
[Annotator "NA"]
[PlyCount "115"]
[EventDate "2019.09.01"]
[EventCountry "ESP"]
[SourceTitle "playchess.com"]
[Source "ChessBase"]
[SourceQuality "1"]
[TimeControl "5400+30"]

1. e4 c5 2. Nf3 d6 3. Bb5+ Bd7 4. Bxd7+ Nxd7 5. c4 e5 6. Nc3 Ngf6 7. O-O Be7 8. d3 O-O 9. Bg5 h6 10. Bxf6 Nxf6 11. Nd2 a6 12. f4 Qd7 13. fxe5 dxe5 14. Nf3 Bd6 15. h3 b5 16. Nd5 Nxd5 17. exd5 f5 18. Re1 Rae8 19. Qc2 Rf6 20. b3 Qe7 21. Nd2 e4 22. dxe4 Qd7 23. exf5 Rxe1+ 24. Rxe1 Rxf5 25. Re6 Re5 26. Rxe5 Bxe5 27. Nf3 Qe7 28. Qf5 Bf6 29. Qc8+ Kh7 30. Qf5+ Kg8 31. Qd3 Qd6 32. Kh1 b4 33. Nd2 Bd4 34. Qf3 Qf6 35. Qxf6 gxf6 36. g4 Kf7 37. Kg2 Kg6 38. Ne4 f5 39. gxf5+ Kxf5 40. Kf3 Ke5 41. Ng3 Bb2 42. h4 Bc1 43. Kg4 Be3 44. h5 Bg5 45. Kf3 Be7 46. Ne4 a5 47. Nf2 Bg5 48. Ng4+ Kd4 49. d6 a4 50. d7 axb3 51. axb3 Kc3 52. Nxh6 Kxb3 53. Nf7 Bf6 54. h6 Kc2 55. h7 b3 56. h8=Q Bxh8 57. d8=Q b2 58. Qxh8 1-0

[Event "XII Sabadell Open 2019"]
[Site "Sabadell"]
[Date "2019.09.08"]
[Round "7.2"]
[White "Oliva Castaneda, Kevel"]
[Black "Valderrama Quiceno, Esteban Alb"]
[Result "1/2-1/2"]
[ECO "E90"]
[WhiteElo "2470"]
[BlackElo "2407"]
[Annotator "ChessBase"]
[PlyCount "39"]
[EventDate "2019.09.01"]
[EventCountry "ESP"]
[SourceTitle "playchess.com"]
[Source "ChessBase"]
[SourceQuality "1"]
[TimeControl "5400+30"]

1. Nf3 Nf6 2. c4 d6 3. d4 g6 4. Nc3 c6 5. e4 Bg7 6. Bd3 O-O 7. h3 a6 8. Bg5 b5 9. O-O h6 10. Be3 bxc4 11. Bxc4 d5 12. Bd3 dxe4 13. Nxe4 Be6 14. Nxf6+ exf6 15. Qc1 Bd5 16. Ne1 Kh7 17. Nc2 a5 18. b4 f5 19. Rd1 Nd7 20. a4 1/2-1/2

[Event "XII Sabadell Open 2019"]
[Site "Sabadell"]
[Date "2019.09.08"]
[Round "7.4"]
[White "Arenas, David"]
[Black "Umetsubo, Cesar Hidemitsu"]
[Result "1-0"]
[ECO "B82"]
[WhiteElo "2454"]
[BlackElo "2403"]
[Annotator "ChessBase"]
[PlyCount "135"]
[EventDate "2019.09.01"]
[EventCountry "ESP"]
[SourceTitle "playchess.com"]
[Source "ChessBase"]
[SourceQuality "1"]
[TimeControl "5400+30"]

1. e4 c5 2. Nf3 e6 3. d4 cxd4 4. Nxd4 Nf6 5. Nc3 d6 6. f4 Nc6 7. Be3 Be7 8. Qf3 O-O 9. Bd3 Bd7 10. Nde2 Nb4 11. O-O e5 12. a3 Nxd3 13. cxd3 Bc6 14. d4 Nxe4 15. Nxe4 f5 16. d5 fxe4 17. Qxe4 Bb5 18. Rf2 Bh4 19. g3 Bxe2 20. Rxe2 Bf6 21. Qb4 Qd7 22. Rae1 b6 23. fxe5 Bxe5 24. Bd4 Bxd4+ 25. Qxd4 Rf6 26. Re6 Raf8 27. Kg2 Qf7 28. Rxf6 Qxf6 29. Qxf6 Rxf6 30. Re7 Rf7 31. Re8+ Rf8 32. Re6 Rf6 33. Rxf6 gxf6 34. Kf3 Kf7 35. Kf4 Kg6 36. g4 Kg7 37. Kf5 Kf7 38. a4 Ke7 39. b4 a6 40. b5 axb5 41. axb5 Kf7 42. h3 Ke7 43. h4 Kf7 44. g5 fxg5 45. hxg5 Ke7 46. g6 h6 47. g7 Kf7 48. g8=Q+ Kxg8 49. Ke6 h5 50. Kxd6 h4 51. Kc7 h3 52. d6 h2 53. d7 h1=Q 54. d8=Q+ Kh7 55. Qd7+ Kh8 56. Kxb6 Qg1+ 57. Kb7 Qg2+ 58. Qc6 Qg7+ 59. Qc7 Qg2+ 60. Kb8 Qa2 61. b6 Qa5 62. b7 Qa4 63. Qd8+ Kh7 64. Kc8 Qa6 65. Qd5 Kh8 66. Kc7 Qa7 67. Qb5 Kh7 68. Kc8 1-0

[Event "XII Sabadell Open 2019"]
[Site "Sabadell"]
[Date "2019.09.08"]
[Round "7.11"]
[White "Martinez Romero, Martin"]
[Black "Rivera, Ingris"]
[Result "1-0"]
[ECO "B88"]
[WhiteElo "2421"]
[BlackElo "2236"]
[Annotator "NA RC"]
[PlyCount "75"]
[EventDate "2019.09.01"]
[EventCountry "ESP"]
[SourceTitle "playchess.com"]
[Source "ChessBase"]
[SourceQuality "1"]
[TimeControl "5400+30"]

1. e4 c5 2. Nf3 d6 3. d4 cxd4 4. Nxd4 Nf6 5. Nc3 a6 6. Bc4 e6 7. Bb3 Nbd7 8. O-O Nc5 9. f4 Nxb3 10. axb3 Be7 11. Be3 O-O 12. Qf3 Qc7 13. g4 b5 14. Ndxb5 axb5 15. Rxa8 b4 16. Ra7 Qc6 17. Ne2 Bd8 18. Nd4 Qxe4 19. Qxe4 Nxe4 20. Nc6 Nf6 21. Rd1 Nd5 22. Bf2 h5 23. gxh5 Nxf4 24. Nxd8 Rxd8 25. Bb6 Re8 26. Rxd6 e5 27. Kf2 Be6 28. Rd8 Rxd8 29. Bxd8 Nd5 30. Ba5 e4 31. c4 bxc3 32. Bxc3 Bg4 33. b4 e3+ 34. Kg3 Bd1 35. Rd7 Bb3 36. b5 Bc4 37. b3 Bxb3 38. b6 1-0

[Event "XII Sabadell Open 2019"]
[Site "Sabadell"]
[Date "2019.09.08"]
[Round "7.12"]
[White "Bedoya Rosales, Luis"]
[Black "Prats Rodriguez, Juan Bosco"]
[Result "1-0"]
[ECO "B08"]
[WhiteElo "1918"]
[BlackElo "1936"]
[Annotator "NA"]
[PlyCount "83"]
[EventDate "2019.09.01"]
[EventCountry "ESP"]
[SourceTitle "playchess.com"]
[Source "ChessBase"]
[SourceQuality "1"]
[TimeControl "5400+30"]

1. e4 d6 2. d4 Nf6 3. Nc3 g6 4. Be3 a6 5. a4 Bg7 6. Be2 Nc6 7. Nf3 O-O 8. O-O e5 9. dxe5 dxe5 10. h3 Re8 11. Re1 Be6 12. Ng5 Nd4 13. Nxe6 Nxe2+ 14. Qxe2 fxe6 15. a5 Bf8 16. Qc4 Bd6 17. Red1 Qe7 18. Na4 Kf7 19. Rd3 Nd7 20. Rad1 Red8 21. c3 Kg7 22. b4 Kf7 23. Qa2 Qh4 24. f3 Nf8 25. Qf2 Qxf2+ 26. Kxf2 Ke8 27. Ke2 Rab8 28. Bg5 Be7 29. Rxd8+ Rxd8 30. Rxd8+ Bxd8 31. Bxd8 Kxd8 32. Nc5 Kc8 33. h4 Kb8 34. Ke3 Ka7 35. f4 b6 36. Nd3 exf4+ 37. Kxf4 Kb7 38. Ke5 Kc6 39. c4 bxa5 40. bxa5 h6 41. Kf6 Kd6 42. e5+ {[%emt 0:00:00] Kd5} 1-0

[Event "XII Sabadell Open 2019"]
[Site "Sabadell"]
[Date "2019.09.08"]
[Round "7.14"]
[White "Alcon Davalos, Marc"]
[Black "Ribera Caro, Joan"]
[Result "1/2-1/2"]
[ECO "C01"]
[WhiteElo "1459"]
[BlackElo "1342"]
[Annotator "NA"]
[PlyCount "65"]
[EventDate "2019.09.01"]
[EventCountry "ESP"]
[SourceTitle "playchess.com"]
[Source "ChessBase"]
[SourceQuality "1"]
[TimeControl "5400+30"]

1. e4 e6 2. d4 d5 3. exd5 exd5 4. Bd3 Bd6 5. Nf3 Bg4 6. h3 Bh5 7. Be3 Ne7 8. Nbd2 Nbc6 9. c3 Qd7 10. Qc2 h6 11. b4 g5 12. a3 f5 13. Nb3 Bxf3 14. gxf3 O-O-O 15. Nc5 Bxc5 16. bxc5 f4 17. Bd2 Rde8 18. Kd1 Na5 19. Rb1 Nc4 20. Qb3 Qc6 21. Kc2 Kb8 22. Rhg1 Ng6 23. Bxc4 dxc4 24. Qxc4 Rd8 25. Rge1 Nh4 26. Re6 Rd6 27. Rxd6 cxd6 28. Qe6 Nxf3 29. Qxd6+ Qxd6 30. cxd6 Rd8 31. Kd3 Rxd6 32. Ke2 Nh4 33. f3 1/2-1/2

[Event "XII Sabadell Open 2019"]
[Site "Sabadell"]
[Date "2019.09.09"]
[Round "8.6"]
[White "Martinez Romero, Martin"]
[Black "Vergara Jofre, Felipe"]
[Result "1-0"]
[ECO "B31"]
[WhiteElo "2421"]
[BlackElo "2343"]
[Annotator "RC"]
[PlyCount "95"]
[EventDate "2019.09.01"]
[EventCountry "ESP"]
[SourceTitle "playchess.com"]
[Source "ChessBase"]
[SourceQuality "1"]
[TimeControl "5400+30"]

1. e4 c5 2. Nf3 Nc6 3. Bb5 Nf6 4. e5 Ng4 5. Bxc6 dxc6 6. O-O g6 7. d3 Bg7 8. Re1 O-O 9. Qe2 Nh6 10. h3 Nf5 11. Nbd2 Nd4 12. Nxd4 cxd4 13. Nf3 Qd5 14. Bf4 c5 15. a4 Bd7 16. Nd2 Bc6 17. f3 h6 18. b3 Kh7 19. Qf2 g5 20. Bh2 f5 21. exf6 exf6 22. Nc4 f5 23. Be5 Rfe8 24. Bxg7 Kxg7 25. Rxe8 Rxe8 26. Re1 Rxe1+ 27. Qxe1 Kf6 28. Qa5 g4 29. Qd2 Kg7 30. hxg4 fxg4 31. fxg4 Bd7 32. Qf4 Qg5 33. Qc7 Qxg4 34. Qxb7 Kf6 35. Qd5 Qd1+ 36. Kh2 Qg4 37. Qe5+ Kg6 38. Qd6+ Kh7 39. Nd2 Qh5+ 40. Kg1 Bg4 41. Ne4 Qh4 42. g3 Qh3 43. Qe7+ Kg6 44. Qe8+ Kg7 45. Qe5+ Kg6 46. Nf2 Qh5 47. Qe4+ Bf5 48. g4 1-0

[Event "XII Sabadell Open 2019"]
[Site "Sabadell"]
[Date "2019.09.09"]
[Round "8.12"]
[White "Navajas Alvarez, Josep"]
[Black "Bedoya Rosales, Luis"]
[Result "1/2-1/2"]
[ECO "E61"]
[WhiteElo "1731"]
[BlackElo "1918"]
[Annotator "NA RC"]
[PlyCount "74"]
[EventDate "2019.09.01"]
[EventCountry "ESP"]
[SourceTitle "playchess.com"]
[Source "ChessBase"]
[SourceQuality "1"]
[TimeControl "5400+30"]

1. c4 Nf6 2. Nc3 g6 3. g3 Bg7 4. Bg2 O-O 5. e3 d6 6. Nge2 e5 7. O-O c6 8. d4 Be6 9. b3 Qa5 10. Bb2 Na6 11. Rc1 Rac8 12. e4 Bg4 13. f3 Be6 14. Qd2 Kh8 15. Kh1 Ng8 16. f4 f6 17. Ba1 Rcd8 18. Rcd1 Bc8 19. d5 c5 20. Nb5 Qxd2 21. Rxd2 Nb4 22. Nxa7 Bd7 23. a4 Ne7 24. fxe5 fxe5 25. Bc3 Na6 26. Nb5 Nc8 27. h3 Rxf1+ 28. Bxf1 Rf8 29. Rd1 Bh6 30. Bg2 Kg8 31. Bd2 Bxd2 32. Rxd2 Rf6 33. Nec3 Kf8 34. Kg1 Ke7 35. Rf2 Rxf2 36. Kxf2 Nb4 37. Ke2 b6 1/2-1/2

[Event "XII Sabadell Open 2019"]
[Site "Sabadell"]
[Date "2019.09.09"]
[Round "8.13"]
[White "Garcia Gil, Oriol"]
[Black "Fernandez Aguilar, Francisco"]
[Result "0-1"]
[ECO "C90"]
[WhiteElo "1629"]
[BlackElo "2040"]
[Annotator "NA RC"]
[PlyCount "64"]
[EventDate "2019.09.01"]
[EventCountry "ESP"]
[SourceTitle "playchess.com"]
[Source "ChessBase"]
[SourceQuality "1"]
[TimeControl "5400+30"]

1. e4 e5 2. Nf3 Nc6 3. Bb5 a6 4. Ba4 Nf6 5. d3 b5 6. Bb3 Be7 7. O-O d6 8. c3 Na5 9. Bc2 c5 10. Re1 Nc6 11. Nbd2 O-O 12. Nf1 h6 13. Ng3 Be6 14. h3 Re8 15. Be3 d5 16. d4 cxd4 17. cxd4 exd4 18. Nxd4 Nxd4 19. Bxd4 dxe4 20. Nxe4 Nxe4 21. Bxe4 Rc8 22. b3 Bb4 23. Re3 Qh4 24. Bf3 Red8 25. Re4 Qg5 26. h4 Qg6 27. Qe2 Bf5 28. Rf4 Bd6 29. Rxf5 Qxf5 30. Bg4 Qf4 31. g3 Qxd4 32. Rd1 Qe5 0-1